 Dungeon Crawl Stone Soup version 0.25-a0-661-g55ea3d2053 (webtiles) character file.

Game seed: 1981514119055518732, levelgen mode: deterministic

3060 kae the Grappler (level 9, -3/64 HPs)
             Began as a Purple Draconian Transmuter on Mar 23, 2020.
             Slain by a yak (13 damage)
             ... on level 7 of the Dungeon.
             The game lasted 00:08:04 (8263 turns).

kae the Grappler (Purple Draconian Transmuter)      Turns: 8263, Time: 00:08:05

Health: -3/64      AC:  7    Str: 14    XL:     9   Next: 57%
Magic:  1/12       EV: 13    Int: 16    God:
Gold:   278        SH:  0    Dex: 11    Spells: 1/12 levels left

rFire    . . .     SeeInvis .     - Unarmed
rCold    . . .     Gourm    .   (shield currently unavailable)
rNeg     . . .     Faith    .   (armour unavailable)
rPois    .         Spirit   .   (helmet restricted)
rElec    .         Reflect  .   (no cloak)
rCorr    .         Harm     .   (gloves currently unavailable)
MR       +....                  (no boots)
Stlth    +.........             (no amulet)
HPRegen  0.20/turn              o - +1 ring of evasion
MPRegen  0.13/turn              (no ring)

@: blade hands, very slightly contaminated
A: breathe power, unfitting armour, cold-blooded, AC +7
a: Breathe Dispelling Energy, End Transformation


You were on level 7 of the Dungeon.
You were hungry.
You had blades for hands.
You visited 2 branches of the dungeon, and saw 10 of its levels.

You collected 278 gold pieces.

Inventory:

Missiles
 a - 86 arrows
Jewellery
 o - a +1 ring of evasion (left scythe-like blade)
Wands
 d - a wand of paralysis (3)
Scrolls
 h - a scroll of fear
 i - 2 scrolls of enchant weapon
 j - a scroll of remove curse
 k - 5 scrolls of teleportation
 n - a scroll of enchant armour
Potions
 b - 3 potions of curing
 e - a potion of berserk rage
 f - 5 potions of flight
 g - a potion of mutation
 l - a potion of stabbing {unknown}
 m - a potion of brilliance {unknown}
 p - a potion of resistance {unknown}
 q - a potion of heal wounds {unknown}
Comestibles
 c - 12 rations


   Skills:
 - Level 1.1 Fighting
 - Level 1.7 Dodging
 * Level 11.2 Unarmed Combat
 - Level 2.4 Spellcasting
 + Level 8.0 Transmutations


You had one spell level left.
You knew the following spells:

 Your Spells              Type           Power        Failure   Level  Hunger
a - Beastly Appendage     Tmut           ####..       13%         1    #......
b - Sticks to Snakes      Tmut           ####....     16%         2    ###....
c - Spider Form           Tmut/Pois      ##........   50%         3    ###....
d - Blade Hands           Tmut           ####......   63%         5    ######.

Your spell library contained the following spells:

 Spells                   Type           Power        Failure   Level  Hunger
 Ice Form                 Ice/Tmut       ##......     78%         4    #####..


Dungeon Overview and Level Annotations

Branches:
Dungeon (9/15)             Temple (1/1) D:6
   Lair: D:8-11         Orc: D:9-12

Altars:
Ashenzari
Elyvilon
Fedhas
Gozag
Hepliaklqana
Kikubaaqudgha
Makhleb
Nemelex Xobeh
Okawaru
Qazlal
Ru
Sif Muna
Trog
Uskayaw
Vehumet
Xom
Yredelemnul
Zin
The Shining One

Shops:
D:4 (   D:8 }


Innate Abilities, Weirdness & Mutations

You can breathe bolts of dispelling energy.
Your rich purple scales are hard. (AC +7)
You cannot fit into any form of body armour.
You are cold-blooded and may be slowed by cold attacks.


Message History

Your Transmutations skill increases to level 8!
The yak gores you. The yak gores you!
You completely miss the yak.
You tail-slap the yak, but do no damage.
The yak gores you but does no damage.
You slash the yak!
The yak is moderately wounded.
The yak gores you! x2
You are too injured to fight recklessly!
You are too injured to fight recklessly!
You are too injured to fight recklessly!
You are too injured to fight recklessly!
You are too injured to fight recklessly!
You hit the yak but do no damage.
Your tail-slap misses the yak.
The yak gores you!
* * * LOW HITPOINT WARNING * * *
You slice the yak!!
The yak is severely wounded.
The yak gores you!
You die...

# #.########.#
##.###.#.#...##S#####
#.......#....)......####
#......#................
...####.............)....
#. #.....................
#...........#.###>####
=....###..#....#.# #.####
#.... #@Y........ ..#...
#... #?Y....##. ####.##
#... ...###.# #.## #..
....# # #.## #.. ......
#.# .......# # #.#
.......#.#. #.##
.......^.... #... ###.
#.# #.##


You could see 2 yaks.

Vanquished Creatures
  Maggie (D:7)
  Prince Ribbit (D:6)
  2 yaks
  A basilisk (D:8)
  A water moccasin (D:9)
  2 porcupines (D:8)
  2 black bears
  3 ogres
  2 centaurs (D:5)
  2 crocodiles (D:8)
  2 bullfrogs
  A big kobold (D:9)
  A water moccasin skeleton (D:5)
  2 crimson imps
  A bullfrog zombie (D:5)
  4 hounds
  An orc priest (D:7)
  A bullfrog skeleton (D:7)
  A gnoll shaman (D:5)
  5 orc wizards
  Jessica (D:3)
  Ijyb (D:3)
  2 worker ants
  A killer bee zombie (D:6)
  A hound skeleton (D:5)
  A worker ant zombie (D:6)
  6 adders
  9 gnolls
  2 worms
  3 dart slugs
  A leopard gecko (D:8)
  8 orcs
  3 ball pythons
  A giant cockroach (D:1)
  3 goblins
  5 hobgoblins
  5 jackals
  12 kobolds
  3 bats
  4 frilled lizards
  2 giant cockroach zombies
  A jackal skeleton (D:4)
  A rat (D:3)
112 creatures vanquished.

Vanquished Creatures (collateral kills)
  An ogre (D:7)
1 creature vanquished.

Vanquished Creatures (others)
  4 fungi (D:8)
  10 plants (D:8)
14 creatures vanquished.

Grand Total: 127 creatures vanquished

Notes
Turn   | Place    | Note
-------+----------+-------------------------------------------
     0 | D:1      | kae the Draconian Transmuter began the quest for the Orb.
     0 | D:1      | Reached XP level 1. HP: 16/16 MP: 3/3
   567 | D:1      | Reached XP level 2. HP: 9/23 MP: 5/5
  1064 | D:2      | Found a radiant altar of Vehumet.
  1075 | D:2      | Learned a level 2 spell: Sticks to Snakes
  1219 | D:2      | Reached XP level 3. HP: 26/28 MP: 3/6
  1243 | D:2      | Learned a level 3 spell: Spider Form
  1287 | D:2      | Reached skill level 4 in Unarmed Combat
  1844 | D:2      | Reached XP level 4. HP: 29/35 MP: 3/7
  2219 | D:3      | Noticed Ijyb
  2441 | D:3      | Paralysed by Ijyb for 2 turns
  2449 | D:3      | Paralysed by Ijyb for 4 turns
  2458 | D:3      | Killed Ijyb
  2714 | D:3      | Noticed Jessica
  2727 | D:3      | Killed Jessica
  2727 | D:3      | Reached skill level 5 in Unarmed Combat
  2727 | D:3      | Reached XP level 5. HP: 34/40 MP: 4/8
  2940 | D:4      | Noticed an ogre
  2965 | D:4      | Killed an ogre
  3219 | D:4      | Found Wadojil's Weapon Emporium.
  3334 | D:5      | Entered Level 5 of the Dungeon
  3459 | D:5      | Reached XP level 6. HP: 45/47 MP: 9/9
  3470 | D:5      | Reached skill level 6 in Unarmed Combat
  3928 | D:5      | HP: 1/47 [water moccasin skeleton (5)]
  3929 | D:5      | Your scales start taking on a rich purple colour.
  3929 | D:5      | Reached XP level 7. HP: 1/52 MP: 8/10
  4426 | D:5      | Reached skill level 7 in Unarmed Combat
  4883 | D:6      | Reached skill level 5 in Transmutations
  5449 | D:6      | You fall into a shaft and drop 3 floors!
  5478 | D:9      | Reached skill level 8 in Unarmed Combat
  5650 | D:9      | Reached XP level 8. HP: 26/59 MP: 8/11
  5887 | D:8      | Found Soilug's Gadget Shoppe.
  6008 | D:8      | Reached skill level 9 in Unarmed Combat
  6500 | D:8      | Learned a level 5 spell: Blade Hands
  6572 | D:8      | Reached skill level 10 in Unarmed Combat
  6757 | D:7      | Found a sacrificial altar of Ru.
  6767 | D:7      | Reached XP level 9. HP: 59/64 MP: 12/12
  6897 | D:6      | Noticed Prince Ribbit
  6922 | D:6      | Killed Prince Ribbit
  7606 | D:6      | Found a white marble altar of Elyvilon.
  7628 | D:6      | Found a staircase to the Ecumenical Temple.
  7785 | Temple   | Entered the Ecumenical Temple
  8009 | D:7      | Noticed Maggie
  8024 | D:7      | Killed Maggie
  8026 | D:7      | Reached skill level 11 in Unarmed Combat
  8263 | D:7      | Slain by a yak

Levels and vault maps discovered:
D:1:      dpeg_arrival_arbitrary_a, layout_loops_ring
D:2:      layout_basic, vehumet_crystals
D:3:      layout_rooms, minmay_ruptured, uniq_jessica, uniq_ijyb
D:4:      layout_cave_pools, serial_column_ruins, column_ruins_grid_3,
          column_ruins_columns_T, column_ruins_open_tiny,
          column_ruins_open_large, column_ruins_columns_straight,
          column_ruins_open_small_water, serial_shops, shop
D:5:      layout_gridville, first_ration
D:6:      layout_loops_ring, nicolae_overflow_hidden_temple,
          lemuel_temple_firewalk_b, uniq_prince_ribbit1
D:7:      layout_loops_ring, lemuel_round_altar, nemelex_dance_club_becter,
          uniq_maggie
D:8:      layout_basic, lemuel_round_altar, minmay_lair_entry_grove,
          serial_shops, shop, hangedman_ranch [blue_anna_fruit_fields]
D:9:      layout_loops_ring, chequers_temple_overflow_statue_of_worship,
          david_orc_5, amethyst_killhole, fedhas_altar_3
Temple:   eino_temple_scatter_basement

Skill      XL: |  1  2  3  4  5  6  7  8  9 |
---------------+----------------------------+-----
Unarmed Combat | 4 5 6 8 10 11 | 11.2
Transmutations | 3 4 5 7 8 |  8.0
Fighting       | |  1.1
Dodging        | |  1.7
Spellcasting   | |  2.4

Action                   |  1- 3 |  4- 6 |  7- 9 || total
-------------------------+-------+-------+-------++-------
Melee: Unarmed           |   104 |   158 |   256 ||   518
       Tailslap          |    10 |    11 |    19 ||    40
       Kick              |     5 |     6 |     9 ||    20
       Headbutt          |     3 |     2 |       ||     5
       Punch             |       |     2 |     7 ||     9
 Cast: Beastly Appendage |    13 |    10 |     6 ||    29
       Spider Form       |     1 |     5 |    13 ||    19
       Blade Hands       |       |       |     3 ||     3
       Sticks to Snakes  |       |       |     2 ||     2
 Abil: Breathe Dispellin |       |       |     3 ||     3
  Use: Scroll            |     3 |     7 |     3 ||    13
       Potion            |       |       |     1 ||     1
 Stab: Sleeping          |       |       |     1 ||     1
  Eat: Chunk             |     4 |     7 |    14 ||    25
       Ration            |       |       |     1 ||     1
Armor: Skin              |    17 |    45 |    54 ||   116
Dodge: Dodged            |    70 |   132 |   142 ||   344

Table legend:
 A = Non-vault XP
 B = Vault XP
 C = Vault XP percentage of total XP
 D = Non-vault monster count
 E = Vault monster count
 F = Vault count percentage of total count
                 A         B        C        D         E       F
            +---------+---------+-------+---------+---------+-------
      Total |    2866 |    1506 |  34.4 |     103 |      10 |   8.8
            +---------+---------+-------+---------+---------+-------
        D:1 |      17 |       0 |   0.0 |       8 |       0 |   0.0
        D:2 |     104 |       0 |   0.0 |      18 |       0 |   0.0
        D:3 |      30 |      77 |  72.0 |       9 |       3 |  25.0
        D:4 |     137 |       0 |   0.0 |       4 |       0 |   0.0
        D:5 |     731 |       0 |   0.0 |      17 |       0 |   0.0
        D:6 |     465 |     283 |  37.8 |      17 |       1 |   5.6
        D:7 |     651 |     350 |  35.0 |      13 |       1 |   7.1
        D:8 |     472 |     796 |  62.8 |       8 |       5 |  38.5
        D:9 |     259 |       0 |   0.0 |       9 |       0 |   0.0
            +---------+---------+-------+---------+---------+-------
